 Dungeon Crawl Stone Soup version 0.20.1-1-g8b1a95d (webtiles) character file.

566 polly the Cudgeler (level 7, 0/42 HPs)
             Began as a Gargoyle Gladiator on Dec 14, 2017.
             Slain by a mummy (8 damage)
             ... in an ossuary.
             The game lasted 00:05:32 (3289 turns).

polly the Cudgeler (Gargoyle Gladiator)             Turns: 3289, Time: 00:05:33

Health: 0/42       AC: 18    Str: 18    XL:     7   Next: 32%
Magic:  7/7        EV:  6    Int:  8    God:
Gold:   142        SH:  0    Dex: 13    Spells: 6/6 levels left

rFire    . . .     SeeInvis .   n - +1 mace (crush)
rCold    . . .     Gourm    +   (no shield)
rNeg     + . .     Faith    .   r - +0 plate armour
rPois    ∞         Spirit   .   c - +0 helmet
rElec    +         Reflect  .   m - +0 cloak
rCorr    .         Harm     .   (no gloves)
MR       .....                  (no boots)
Stlth    ..........             a - amulet of the gourmand
Regen    0.2/turn               (no ring)
MPRegen  0.1/turn               (no ring)

@: no status effects
A: negative energy resistance 1, electricity resistance, unbreathing,
petrification resistance, rot immunity, AC +4
a: no special abilities


You were in an ossuary.
You were not hungry.

You visited 1 branch of the dungeon, and saw 4 of its levels.
You also visited: Ossuary.

You collected 142 gold pieces.

Inventory:

Hand Weapons
 n - a +1 mace of crushing (weapon)
Missiles
 d - 3 throwing nets (quivered)
Armour
 c - a +0 helmet (worn)
 m - a +0 cloak (worn)
 r - a +0 plate armour (worn)
Jewellery
 a - an amulet of the gourmand (around neck)
Scrolls
 b - a scroll of immolation {unknown}
 e - 3 scrolls of teleportation {unknown}
 g - 2 scrolls of remove curse {unknown}
 j - a scroll of enchant armour {unknown}
 l - a scroll of random uselessness {unknown}
 o - a scroll of fog {unknown}
 p - a scroll of enchant weapon {unknown}
 q - a scroll of amnesia {unknown}
 s - a scroll of summoning {unknown}
Potions
 i - a potion of flight
 k - a potion of might {unknown}
Comestibles
 f - 3 bread rations
 h - a meat ration


   Skills:
 + Level 3.7 Fighting
 + Level 5.9 Maces & Flails
 + Level 1.7 Throwing
 + Level 3.1 Armour
 + Level 3.6 Dodging
 + Level 1.3 Stealth


You had 6 spell levels left.
You didn't know any spells.

Dungeon Overview and Level Annotations

Branches:
Dungeon (4/15)
 Temple: D:4-7

Altars:
Ru
Sif Muna

Annotations:
D:4 Gonk's ghost, amateur DsMo


Innate Abilities, Weirdness & Mutations

You are resistant to torment.
Your stone body is resilient. (AC +4)
You are immune to poison.
You resist negative energy. (rN+)
You are resistant to electric shocks. (rElec)
You can survive without breathing.
You are immune to petrification.
You are immune to rotting.


Message History

You are too injured to fight recklessly!
You are too injured to fight recklessly!
You are too injured to fight recklessly!
There is an open door here.
There is an open door here.
The troll zombie bites you. The troll zombie claws you.
* * * LOW HITPOINT WARNING * * *
The troll zombie claws you but does no damage.
There is an open door here.
You sock the troll zombie!
You destroy the troll zombie!
The ogre zombie hits you.
* * * LOW HITPOINT WARNING * * *
You sock the ogre zombie!
The ogre zombie is moderately damaged.
The ogre zombie hits you.
* * * LOW HITPOINT WARNING * * *
A mummy comes into view.
The mummy hits you!
You die...

#..'.####......#......#
#..#.# ........#......
#..#.#....#....#....#
#..###....#....# ...#
#.Z+ #..# #..#
#..#####+###+###+###+###
#........Z......@M......
#∩......................
########################


You could see a mummy and an ogre zombie.

Vanquished Creatures
  Menkaure (Ossuary)
  The ghost of clownbabyjr the Skirmisher, an amateur DsFi (D:3)
  A troll zombie (Ossuary)
  An orc priest (D:3)
  Crazy Yiuf (D:2)
  An orc wizard (D:3)
  5 mummies (Ossuary)
  A gnoll (D:1)
  5 adders
  3 adder zombies (Ossuary)
  4 worms (D:2)
  4 dart slugs
  4 leopard geckos
  4 orcs (D:3)
  5 bats
  3 giant cockroaches
  8 goblins
  3 hobgoblins
  A jackal (D:3)
  4 kobolds
  A quokka (D:3)
  A ball python (D:2)
  10 frilled lizards
  2 goblin zombies (Ossuary)
  A hobgoblin zombie (Ossuary)
  2 kobold zombies (Ossuary)
  2 quokka zombies (Ossuary)
  17 rats
  A rat zombie (Ossuary)
97 creatures vanquished.

Notes
Turn   | Place    | Note
-------+----------+-------------------------------------------
     0 | D:1      | polly the Gargoyle Gladiator began the quest for the Orb.
     0 | D:1      | Reached XP level 1. HP: 12/12 MP: 1/1
    90 | D:1      | Reached XP level 2. HP: 12/17 MP: 2/2
   250 | D:1      | Reached XP level 3. HP: 14/22 MP: 3/3
   578 | D:2      | Reached XP level 4. HP: 20/27 MP: 4/4
   586 | D:2      | Reached skill level 4 in Maces & Flails
   733 | D:2      | Found a runed door.
   959 | D:2      | Reached skill level 1 in Armour
  1116 | D:2      | Noticed Crazy Yiuf
  1127 | D:2      | Killed Crazy Yiuf
  1185 | D:3      | Found a sacrificial altar of Ru.
  1199 | D:3      | Reached XP level 5. HP: 13/32 MP: 5/5
  1734 | D:3      | Reached skill level 1 in Stealth
  1809 | D:3      | Reached XP level 6. HP: 19/37 MP: 6/6
  1978 | D:3      | Noticed clownbabyjr's ghost (amateur DsFi)
  1987 | D:3      | Killed clownbabyjr's ghost
  1987 | D:3      | Reached skill level 5 in Maces & Flails
  2066 | D:3      | Found a deep blue altar of Sif Muna.
  2213 | D:4      | Noticed Gonk's ghost (amateur DsMo)
  2574 | D:4      | Found a sand-covered staircase.
  2595 | Ossuary  | Entered an ossuary
  2924 | Ossuary  | Noticed Menkaure
  2967 | Ossuary  | Killed Menkaure
  2967 | Ossuary  | Reached XP level 7. HP: 19/41 MP: 7/7
  3289 | Ossuary  | Slain by a mummy

Skill      XL: |  1  2  3  4  5  6  7 |
---------------+----------------------+-----
Maces & Flails | 4 5 |  5.9
Armour         | 1 2 3 |  3.1
Dodging        | 3 |  3.6
Stealth        | 1 |  1.3
Fighting       | 3 |  3.7
Throwing       | |  1.7

Action                   |  1- 3 |  4- 6 |  7- 9 || total
-------------------------+-------+-------+-------++-------
Melee: Flail             |   100 |    31 |       ||   131
       Mace              |       |   245 |    16 ||   261
  Use: Potion            |       |     2 |       ||     2
 Stab: Sleeping          |       |     1 |       ||     1
  Eat: Chunk             |       |     5 |       ||     5
       Royal jelly       |       |     1 |       ||     1
       Meat ration       |       |       |     1 ||     1
Armor: Leather armour    |    32 |    65 |       ||    97
       Plate armour      |       |    86 |    18 ||   104
Dodge: Dodged            |    68 |   147 |     4 ||   219
